 Dungeon Crawl Stone Soup version 0.31-a0-214-gb37851dbb3 (webtiles) character file.

Game seed: 12553535714438020488

4 Brandom the Trooper (level 1, 0/18 HPs)
             Began as a Mummy Cinder Acolyte on July 1, 2023.
             Was a High Priest of Ignis.
             Slain by a jackal (1 damage)
             ... on level 1 of the Dungeon.
             The game lasted 00:01:24 (122 turns).

Brandom the Trooper (Mummy Cinder Acolyte)           Turns: 122, Time: 00:01:25

Health: 0/18       AC:  2    Str: 17    XL:     1   Next: 50%
Magic:  3/3        EV: 11    Int: 13    God:    Ignis [*****.]
Gold:   0          SH:  0    Dex:  7    Spells: 3/3 levels left

rFire   . . .        a - -1 falchion (flame)
rCold   + . .        (no shield)
rNeg    + + +        b - +0 robe
rPois   ∞            (no helmet)
rElec   .            (no cloak)
rCorr   .            (no gloves)
SInv    .            (no boots)
Will    .....        (no amulet)
Stlth   +            (no ring)
HPRegen 0.23/turn    (no ring)
MPRegen 0.08/turn

%: faith
@: no status effects
A: cold resistance 1, negative energy resistance 3, torment resistance 2, heat
vulnerability 1, no potions, faith
a: Renounce Religion, Fiery Armour, Foxfire Swarm, Rising Flame


You were on level 1 of the Dungeon.
You worshipped Ignis.
Ignis was extremely pleased with you.
You visited 1 branch of the dungeon, and saw 1 of its levels.

Inventory:

Hand Weapons
 a - a -1 falchion of flaming (weapon)
Armour
 b - a +0 robe (worn)


   Skills:
 + Level 3.0 Fighting
 - Level 2.4 Long Blades
 + Level 0.2 Dodging
 + Level 1.5 Spellcasting
 + Level 2.4 Fire Magic


You had 3 spell levels left.
You didn't know any spells.
Your spell library contained the following spells:

 Spells                   Type           Power      Damage    Failure   Level
 Scorch                   Fire           14%        2d6       14%         2


Dungeon Overview and Level Annotations

Branches:
Dungeon (1/15)

Altars:


Innate Abilities, Weirdness & Mutations

You are immune to poison.
Your flesh is cold resistant. (rC+)
You are immune to negative energy. (rN+++)
You are immune to unholy pain and torment.
You are vulnerable to heat. (rF-)
You do not drink.
You have a special connection with the divine. (Faith)


Message History

You closely miss the giant cockroach.
The giant cockroach bites you but does no damage. x2
You closely miss the giant cockroach. The giant cockroach bites you.
* * * LOW HITPOINT WARNING * * *
You hit the giant cockroach but do no damage.
The giant cockroach bites you.
* * * LOW HITPOINT WARNING * * *
You completely miss the giant cockroach.
The giant cockroach bites you but does no damage.
The giant cockroach closely misses you.
Unknown command.
You hit the giant cockroach but do no damage.
The giant cockroach bites you.
* * * LOW HITPOINT WARNING * * *
You closely miss the giant cockroach. The giant cockroach bites you.
* * * LOW HITPOINT WARNING * * *
You completely miss the giant cockroach.
The giant cockroach completely misses you.
The giant cockroach bites you but does no damage.
Unknown command.
Okay, then.
You hit the giant cockroach but do no damage.
The giant cockroach bites you.
* * * LOW HITPOINT WARNING * * *
You hit the giant cockroach but do no damage.
The giant cockroach barely misses you. The giant cockroach bites you.
* * * LOW HITPOINT WARNING * * *
You hit the giant cockroach but do no damage.
The giant cockroach barely misses you.
Unknown command.
You barely miss the giant cockroach. The giant cockroach misses you.
The giant cockroach bites you but does no damage.
The giant cockroach attacks as you move away!
The giant cockroach closely misses you.
The giant cockroach waves its antennae.
The giant cockroach attacks as you move away!
The giant cockroach bites you but does no damage.
The giant cockroach misses you. The jackal attacks as you move away!
The jackal bites you.
* * * LOW HITPOINT WARNING * * *
The jackal bites you.
* * * LOW HITPOINT WARNING * * *
The jackal attacks as you move away! The jackal barely misses you.
The jackal closely misses you.
You barely miss the jackal. The jackal bites you.
* * * LOW HITPOINT WARNING * * *
You barely miss the jackal.
The jackal bites you but does no damage.
The jackal bites you.
You die...

##...######...######...#
#.......................
#..⌠........⌠........⌠..
#.......................
##...######...######...#
##'## ##>## ##'## #..###
### ###..# ##...####
####...##
###.@hB#####....###
####...#...####
###...### ##.##
#######..#######
........>......#
#######..#####.# #...##
#.###


You could see a jackal and a giant cockroach.

Vanquished Creatures
  A giant cockroach (D:1)
  2 jackals (D:1)
3 creatures vanquished.

Notes
Turn   | Place    | Note
-------+----------+-------------------------------------------
     0 | D:1      | Brandom the Mummy Cinder Acolyte began the quest for the
                  | Orb.
     0 | D:1      | Reached XP level 1. HP: 18/18 MP: 2/2
   122 | D:1      | Slain by a jackal

Illustrated notes

Levels and vault maps discovered:
D:1:      minmay_arrival_split_and_join, layout_basic,
          minmay_misc_feat_nine_boxes, minivault_11, kennysheep_nondescript

Action                     || total
---------------------------++-------
  Melee: Falchion          ||    40
 Armour: Robe              ||    13
  Dodge: Dodged            ||    34

Table legend: (Time is in decaauts)
 A = Elapsed time spent in this place.
 B = Non-inter-level travel time spent in this place.
 C = Inter-level travel time spent in this place.
 D = Time resting spent in this place.
 E = Time spent auto-exploring this place.
 F = Levels seen in this place.
 G = Mean time per level.
                   A        B        C        D        E       F      G
               +--------+--------+--------+--------+--------+-----+--------+
         Total |    129 |    129 |      0 |      0 |     65 |   1 |  129.0 |
       Dungeon |    129 |    129 |      0 |      0 |     65 |   1 |  129.0 |
               +--------+--------+--------+--------+--------+-----+--------+

Top non-repeatable levels by time:
     D:1: 129 daAuts
